[Event "Titled Tuesday Blitz July 05 Late 2022"]
[White "Goncalves, Davi Sulzbacher"]
[Black "Bjelobrk, Igor"]
[WhiteFideId "2154510"]
[BlackFideId "4300726"]
[WhiteElo "2107"]
[BlackElo "2335"]
[Result "1/2-1/2"]
[Round "07"]
[TimeControl "180+1"]
[Date "2022.07.06"]
[WhiteClock "0:00:25"]
[BlackClock "0:00:34"]

1. d4 d5 2. Nf3 Nf6 3. Bg5 e6 4. e3 h6 5. Bh4 Nbd7 6. Bd3 b6 7. O-O Bb7 8. Ne5 c5 9. c3 Be7 10. f4 O-O 11. Nd2 Ne4 12. Bxe7 Qxe7 13. Nxd7 Qxd7 14. Bxe4 dxe4 15. dxc5 bxc5 16. Nb3 Qe7 17. f5 Rad8 18. f6 gxf6 19. Qh5 Kh7 20. Qh4 Kg7 21. Rf4 Rd5 22. Raf1 Rg5 23. Rxf6 Qxf6 24. Rxf6 Kxf6 25. Nxc5 Rd8 26. Qxh6+ Rg6 27. Qf4+ Kg7 28. Qe5+ Kg8 29. Nxb7 Rd1+ 30. Kf2 Rd2+ 31. Ke1 Rgxg2 32. Nd6 Rde2+ 33. Kf1 Ref2+ 34. Ke1 Re2+ 35. Kf1 Ref2+ 36. Ke1 Re2+ 1/2-1/2


[Site "https://www.chess.com"]

[Event "Titled Tuesday Blitz July 05 Late 2022"]
[White "Hakobyan, Aram"]
[Black "Bortnyk, Olexandr"]
[WhiteFideId "13306677"]
[BlackFideId "14120828"]
[WhiteElo "2557"]
[BlackElo "2723"]
[Result "1-0"]
[Round "07"]
[TimeControl "180+1"]
[Date "2022.07.05"]
[WhiteClock "0:00:24"]
[BlackClock "0:00:03"]

1. e4 d6 2. Nc3 Nf6 3. f4 e5 4. Nf3 Nbd7 5. Bc4 c6 6. fxe5 Nxe5 7. Bb3 Bg4 8. d4 Nxf3+ 9. gxf3 Bh5 10. Be3 d5 11. e5 Ne4 12. O-O Nxc3 13. bxc3 b5 14. a4 a6 15. Qd2 Be7 16. f4 f5 17. Qg2 O-O 18. Kh1 g6 19. Bf2 Qd7 20. Ra2 Ra7 21. Re1 Rb8 22. Rea1 Rbb7 23. Kg1 Be2 24. Bg3 Bc4 25. Qf2 Rc7 26. Bh4 Bxh4 27. Qxh4 Qe7 28. Qxe7 Rxe7 29. axb5 Bxb5 30. h4 Kg7 31. Kf2 h5 32. Ra5 Kf7 33. Ke3 Rab7 34. Kd2 Rec7 35. Ba4 Bc4 36. Rc5 Rb6 37. Ra3 Rc8 38. Bb3 Bxb3 39. cxb3 Rc7 40. Kc2 Ke6 41. Rca5 Ra7 42. Kd3 Ra8 43. c4 dxc4+ 44. bxc4 Rb1 45. d5+ cxd5 46. cxd5+ Kd7 47. Rxa6 Rxa6 48. Rxa6 Rb4 49. Ra7+ Kd8 50. d6 Re4 51. Rg7 Ke8 52. Rxg6 Kd7 53. Rg7+ Kc6 54. Rc7+ Kb6 55. Rc4 Re1 56. Kd2 Rg1 57. d7 Rg2+ 58. Kd3 Rg3+ 59. Kd4 Rg1 60. d8=Q+ 1-0


[Site "https://www.chess.com"]

[Event "Titled Tuesday Blitz July 05 Late 2022"]
[White "Halkias, Stelios"]
[Black "Kamsky, Gata"]
[WhiteFideId "4201809"]
[BlackFideId "2000024"]
[WhiteElo "2453"]
[BlackElo "2645"]
[Result "1-0"]
[Round "07"]
[TimeControl "180+1"]
[Date "2022.07.05"]
[WhiteClock "0:00:29"]
[BlackClock "0:00:12"]

1. Nf3 Nf6 2. c4 c6 3. d4 d5 4. Nc3 a6 5. c5 Nbd7 6. Bf4 Nh5 7. g3 Nxf4 8. gxf4 g6 9. e3 b6 10. cxb6 Qxb6 11. Qd2 e6 12. Rc1 a5 13. Bd3 c5 14. Na4 Qb4 15. Qxb4 axb4 16. Nxc5 Nxc5 17. dxc5 Rxa2 18. Bb5+ Ke7 19. Nd4 Bb7 20. O-O Bg7 21. c6 Ba6 22. Rc5 Bxd4 23. exd4 Bxb5 24. Rxb5 Rxb2 25. Rc1 Rc8 26. Rb7+ Ke8 27. Ra1 Rc2 28. Raa7 R2xc6 29. Re7+ Kd8 30. Rad7# 1-0


[Site "https://www.chess.com"]

[Event "Titled Tuesday Blitz July 05 Late 2022"]
[White "Hansen, Eric"]
[Black "Fedoseev, Vladimir"]
[WhiteFideId "2606771"]
[BlackFideId "24130737"]
[WhiteElo "2568"]
[BlackElo "2726"]
[Result "0-1"]
[Round "07"]
[TimeControl "180+1"]
[Date "2022.07.05"]
[WhiteClock "0:00:17"]
[BlackClock "0:00:28"]

1. b3 c5 2. Bb2 Nc6 3. g3 d5 4. Bg2 Bf5 5. d3 e6 6. e3 Nf6 7. h3 h6 8. Nd2 Be7 9. Ngf3 Qc7 10. Qe2 Rd8 11. a3 b5 12. O-O O-O 13. e4 Bh7 14. Rfe1 c4 15. e5 Nd7 16. dxc4 bxc4 17. bxc4 Nb6 18. cxd5 Nxd5 19. c4 Nb6 20. Ne4 Na4 21. Bc1 Na5 22. Bf4 Qxc4 23. Nd6 Qxe2 24. Rxe2 Nb3 25. Rae1 Nac5 26. Re3 Nd3 27. Rd1 Nbc5 28. Ne1 g5 29. Nxd3 Nxd3 30. Rexd3 Bxd3 31. Rxd3 gxf4 32. gxf4 Rd7 33. Bc6 Rc7 34. Bb5 Rd8 35. a4 Kf8 36. Kg2 Rc5 37. Ne4 Rxd3 38. Nxc5 Rd4 39. Nd7+ Kg7 40. Kf3 a6 41. Bxa6 Rxd7 0-1


[Site "https://www.chess.com"]

[Event "Titled Tuesday Blitz July 05 Late 2022"]
[White "He, Anthony"]
[Black "Zhigalko, Sergei"]
[WhiteFideId "2088215"]
[BlackFideId "13502956"]
[WhiteElo "2409"]
[BlackElo "2662"]
[Result "0-1"]
[Round "07"]
[TimeControl "180+1"]
[Date "2022.07.05"]
[WhiteClock "0:00:31"]
[BlackClock "0:00:06"]

1. e4 Nf6 2. e5 Nd5 3. d4 Nb6 4. Nf3 d5 5. a4 a5 6. h3 Bf5 7. Bb5+ c6 8. Be2 e6 9. O-O Be7 10. c3 O-O 11. Be3 Nc4 12. Bc1 c5 13. b3 Nb6 14. Na3 Nc6 15. Nb5 cxd4 16. cxd4 Nb4 17. Bf4 Bc2 18. Qd2 Bxb3 19. Bg5 Bxa4 20. Nd6 Bc6 21. Qf4 f6 22. exf6 Bxd6 23. Qg4 Rxf6 24. Ne5 Qf8 25. Bxf6 Qxf6 26. Ra3 Bxe5 27. dxe5 Qxe5 28. Re3 Qf5 29. Qd4 Nc4 30. Bg4 Qf6 31. Qxf6 gxf6 32. Rxe6 Kf7 33. Rfe1 Ne5 34. f4 Nbd3 35. R1xe5 fxe5 36. f5 Nf4 37. Rxe5 Re8 38. Rxe8 Bxe8 39. Kf2 Kf6 40. g3 Nd3+ 41. Ke3 Ne5 42. Bd1 a4 43. g4 a3 44. Bb3 Nc6 45. Kf4 h6 46. h4 Bf7 47. g5+ hxg5+ 48. hxg5+ Kg7 49. f6+ Kf8 50. Ba2 d4 51. Bb1 a2 52. Bxa2 Bxa2 53. g6 Bb1 54. g7+ Kf7 55. Kf3 Bh7 0-1


[Site "https://www.chess.com"]

[Event "Titled Tuesday Blitz July 05 Late 2022"]
[White "Holt, Conrad"]
[Black "Diaz Perez, Michel Alejandro"]
[WhiteFideId "2034387"]
[BlackFideId "3517179"]
[WhiteElo "2586"]
[BlackElo "2313"]
[Result "1-0"]
[Round "07"]
[TimeControl "180+1"]
[Date "2022.07.05"]
[WhiteClock "0:00:13"]
[BlackClock "0:00:06"]

1. d4 Nf6 2. c4 e6 3. Nc3 d5 4. cxd5 exd5 5. Bg5 Nbd7 6. e3 c6 7. Bd3 Be7 8. Qc2 Nh5 9. Bxe7 Qxe7 10. Nge2 g6 11. O-O O-O 12. Nc1 Ng7 13. Re1 Nf6 14. f3 Qd6 15. Nb3 Be6 16. Qf2 Rad8 17. Qg3 Qxg3 18. hxg3 Rfe8 19. g4 h5 20. gxh5 Ngxh5 21. g4 Ng7 22. Kf2 Bc8 23. a4 Re7 24. a5 Rde8 25. Rac1 Bxg4 26. fxg4 Nxg4+ 27. Kg1 Rxe3 28. Rxe3 Rxe3 29. Be2 Nf6 30. Kf2 Rh3 31. a6 bxa6 32. Na5 Nf5 33. Nxc6 Kg7 34. Kg2 Rh4 35. Rh1 Rf4 36. Bxa6 Nxd4 37. Nxa7 Nf5 38. Nc6 d4 39. Ne2 Re4 40. Bd3 Ne3+ 41. Kf3 Re6 42. Nexd4 Re8 43. Re1 Ned5 44. Rxe8 Nxe8 45. Ke4 Nb6 46. Ke5 Na4 47. b4 Nb6 48. b5 Nc7 49. Kd6 Nxb5+ 50. Bxb5 f5 51. Na7 Kf6 52. Kc5 Na8 53. Kc6 f4 54. Kb7 g5 55. Be2 Ke5 56. Nf3+ Kf5 57. Nh2 Ke4 58. Kxa8 Ke3 59. Bh5 Kf2 60. Nc6 Kg3 61. Ng4 f3 62. Ne3 Kf4 63. Nd5+ Ke4 64. Nc3+ Kd3 65. Bxf3 Kxc3 66. Ne5 Kd4 67. Ng4 Kd3 68. Kb7 Kd2 69. Kc6 Ke1 70. Kd5 Kf1 71. Ke4 Ke1 72. Ke3 Kf1 73. Nh2+ Kg1 74. Ng4 Kf1 75. Kd2 Kg1 76. Kd3 Kf1 77. Bd1 Ke1 78. Ba4 Kf1 79. Bd7 Kg2 80. Ke4 Kg3 81. Kf5 Kg2 82. Kxg5 Kg3 83. Kf5 Kg2 84. Kf4 Kf1 85. Ke3 Ke1 86. Nf2 Kf1 87. Bg4 Ke1 88. Bf3 Kf1 89. Nd3 Kg1 90. Kf4 Kf1 91. Kg3 Kg1 92. Be2 Kh1 93. Nf2+ Kg1 94. Nh3+ Kh1 95. Bf3# 1-0


[Site "https://www.chess.com"]

[Event "Titled Tuesday Blitz July 05 Late 2022"]
[White "Ibarra Jerez, Jose Carlos"]
[Black "Dardha, Daniel"]
[WhiteFideId "2226332"]
[BlackFideId "240990"]
[WhiteElo "2628"]
[BlackElo "2482"]
[Result "1-0"]
[Round "07"]
[TimeControl "180+1"]
[Date "2022.07.05"]
[WhiteClock "0:00:09"]
[BlackClock "0:00:04"]

1. e4 c5 2. Nc3 Nc6 3. Nf3 g6 4. d4 cxd4 5. Nxd4 Bg7 6. Be3 Nf6 7. Bc4 Qa5 8. O-O O-O 9. Bb3 d6 10. Nd5 Qd8 11. Nxf6+ Bxf6 12. c3 Bd7 13. f4 Bg7 14. Qf3 Qc8 15. f5 Na5 16. Bd5 e6 17. f6 Bh8 18. Bb3 Nxb3 19. axb3 e5 20. Nc2 Bc6 21. Nb4 Re8 22. Nd5 Bxd5 23. exd5 e4 24. Qg3 Re5 25. c4 Qd8 26. Rf4 Bxf6 27. Raf1 Bg7 28. Rxf7 Re7 29. R7f2 Qd7 30. h4 Rf8 31. Rxf8+ Bxf8 32. Bd4 Rf7 33. Rxf7 Qxf7 34. Qg4 Qf5 35. Qxf5 gxf5 36. Bxa7 Bg7 37. Bb8 Bd4+ 38. Kf1 Bc5 39. Bc7 Kf7 40. Ba5 Kg6 41. b4 Bd4 42. Bc7 Bxb2 43. Bxd6 Ba3 44. Ke2 f4 45. Bxf4 Bxb4 46. g4 Kf7 47. Ke3 Be7 48. h5 Bc5+ 49. Kxe4 Kf6 50. g5+ Kf7 51. Kf5 Ke7 52. g6 hxg6+ 53. Kxg6 Bd4 54. h6 b5 55. cxb5 Kf8 56. h7 Ke8 57. Bh6 1-0


[Site "https://www.chess.com"]

[Event "Titled Tuesday Blitz July 05 Late 2022"]
[White "Jaracz, Pawel"]
[Black "Taboas Rodriguez, Daniel"]
[WhiteFideId "1102222"]
[BlackFideId "2208466"]
[WhiteElo "2459"]
[BlackElo "2429"]
[Result "1-0"]
[Round "07"]
[TimeControl "180+1"]
[Date "2022.07.05"]
[WhiteClock "0:01:40"]
[BlackClock "0:00:01"]

1. d4 Nf6 2. c4 g6 3. Nc3 Bg7 4. e4 d6 5. f3 O-O 6. Bg5 c5 7. d5 e6 8. Qd2 exd5 9. cxd5 a6 10. a4 Nbd7 11. Nh3 Ne5 12. Nf2 Qc7 13. Be2 Bd7 14. O-O b5 15. axb5 axb5 16. Nxb5 Qb6 17. Rxa8 Rxa8 18. Na3 Rb8 19. f4 Neg4 20. Nc4 Qc7 21. Nxg4 Nxg4 22. e5 dxe5 23. h3 Nf6 24. d6 Qa7 25. Bxf6 Bxf6 26. fxe5 Bg7 27. Bf3 Be6 28. Bd5 Qd7 29. Qd3 Rb4 30. Rd1 h5 31. Bxe6 fxe6 32. b3 Kh7 33. Rf1 Bh6 34. Rf6 1-0


[Site "https://www.chess.com"]

[Event "Titled Tuesday Blitz July 05 Late 2022"]
[White "Keymer, Vincent"]
[Black "Sargsyan, Anna M."]
[WhiteFideId "12940690"]
[BlackFideId "13308130"]
[WhiteElo "2548"]
[BlackElo "2271"]
[Result "0-1"]
[Round "07"]
[TimeControl "180+1"]
[Date "2022.07.05"]
[WhiteClock "0:00:01"]
[BlackClock "0:00:41"]

1. Nf3 d5 2. e3 Nf6 3. c4 c6 4. Nc3 e6 5. b3 Bd6 6. Bb2 e5 7. cxd5 cxd5 8. Nb5 Nc6 9. Nxd6+ Qxd6 10. Bb5 e4 11. Nd4 O-O 12. h3 Ne5 13. Be2 Bd7 14. O-O Rac8 15. Rc1 a6 16. Rc3 h6 17. Qa1 Nh7 18. Rxc8 Rxc8 19. Rc1 Re8 20. Nc2 Nf3+ 21. Bxf3 exf3 22. Ne1 fxg2 23. Bxg7 Ng5 24. Qf6 Re6 25. Qd4 Rg6 26. Nxg2 Nf3+ 27. Kf1 Nxd4 0-1


[Site "https://www.chess.com"]

[Event "Titled Tuesday Blitz July 05 Late 2022"]
[White "Korchmar, Vasiliy"]
[Black "Pakleza, Zbigniew"]
[WhiteFideId "24131750"]
[BlackFideId "1119290"]
[WhiteElo "2370"]
[BlackElo "2467"]
[Result "0-1"]
[Round "07"]
[TimeControl "180+1"]
[Date "2022.07.05"]
[WhiteClock "0:00:01"]
[BlackClock "0:00:06"]

1. e4 d6 2. d4 Nf6 3. Bd3 e5 4. c3 d5 5. dxe5 dxe4 6. Bb5+ c6 7. Qxd8+ Kxd8 8. Bc4 Ng4 9. Bf4 Nd7 10. e6 Nb6 11. Bb3 Bxe6 12. Bxe6 fxe6 13. Nd2 Nf6 14. O-O-O Nbd5 15. Be5 e3 16. fxe3 Nxe3 17. Re1 Nxg2 18. Re2 Nh4 19. Nh3 Kc8 20. Ng5 Ng6 21. Bg3 e5 22. Nc4 b5 23. Nxe5 Nxe5 24. Bxe5 Bc5 25. Ne6 Be7 26. Nxg7 Rg8 27. Nf5 Bd8 28. Nd6+ Kd7 29. Bxf6 Bxf6 30. Rd1 Kc7 31. Ne4 Be5 32. Nc5 Bf4+ 33. Kc2 Rae8 34. Ne6+ Rxe6 35. Rxe6 Rg2+ 36. Kb3 Rxh2 37. Re7+ Kb6 38. Rdd7 a5 39. Rb7+ Kc5 40. Rf7 a4+ 41. Ka3 Bc1 42. Rf5+ Kd6 0-1


[Site "https://www.chess.com"]

[Event "Titled Tuesday Blitz July 05 Late 2022"]
[White "Kosteniuk, Alexandra"]
[Black "Ezat, Mohamed"]
[WhiteFideId "4128125"]
[BlackFideId "10600906"]
[WhiteElo "2469"]
[BlackElo "2386"]
[Result "1/2-1/2"]
[Round "07"]
[TimeControl "180+1"]
[Date "2022.07.05"]
[WhiteClock "0:00:11"]
[BlackClock "0:00:10"]

1. e4 c6 2. Nc3 d5 3. Nf3 Bg4 4. h3 Bh5 5. exd5 cxd5 6. g4 Bg6 7. Ne5 Nc6 8. Bb5 Rc8 9. d4 e6 10. Qe2 Bb4 11. f4 Be4 12. O-O Bxc3 13. bxc3 Qh4 14. Qe3 Ne7 15. Ba3 f6 16. Bxe7 Kxe7 17. Nd3 a6 18. Bxc6 Rxc6 19. Nc5 f5 20. Rae1 Rhc8 21. Kh2 b6 22. Nxe4 dxe4 23. c4 Rxc4 24. Qa3+ Kf7 25. gxf5 exf5 26. Re3 Rxc2+ 27. Kh1 Qe7 28. Qxa6 Rc1 29. Rxc1 Rxc1+ 30. Kg2 Rc2+ 31. Re2 Rxe2+ 32. Qxe2 Qb4 33. d5 Qd4 34. Qb5 e3 35. Qd7+ Kf8 36. Qxf5+ Ke8 37. Qe6+ Kf8 38. d6 Qd2+ 39. Kf3 Qd1+ 40. Kg2 Qe2+ 41. Kg3 Qf2+ 42. Kg4 Qg2+ 43. Kh4 Qf2+ 44. Kg4 Qg2+ 45. Kh4 Qf2+ 46. Kg4 1/2-1/2


[Site "https://www.chess.com"]

[Event "Titled Tuesday Blitz July 05 Late 2022"]
[White "Kozin, Yuri"]
[Black "Melikhov, Evgeny V."]
[WhiteFideId "4129920"]
[BlackFideId "4122046"]
[WhiteElo "2538"]
[BlackElo "1995"]
[Result "1-0"]
[Round "07"]
[TimeControl "180+1"]
[Date "2022.07.06"]
[WhiteClock "0:00:07"]
[BlackClock "0:00:14"]

1. e4 e5 2. Nf3 Nc6 3. Bb5 a6 4. Ba4 Nf6 5. O-O Nxe4 6. d4 b5 7. Bb3 d5 8. dxe5 Be6 9. Be3 Be7 10. c3 O-O 11. Nbd2 Qd7 12. Bc2 f5 13. exf6 Nxf6 14. Qb1 h6 15. Nb3 Bg4 16. Nfd4 Nxd4 17. Bxd4 Bd6 18. Nc5 Bxc5 19. Bxc5 Rfe8 20. Bg6 Re5 21. Re1 Rxe1+ 22. Qxe1 Bf5 23. Bxf5 Qxf5 24. Qe7 Qd7 25. Qe3 Re8 26. Qd3 Ne4 27. Be3 c6 28. a4 Qf5 29. axb5 axb5 30. Bd4 c5 31. Bxc5 Nd6 32. Qxf5 Nxf5 33. g3 Re2 34. b4 Rc2 35. Ra7 Rxc3 36. Rd7 Rd3 37. Kg2 Rd2 38. Kf3 d4 39. h3 h5 40. g4 hxg4+ 41. hxg4 Nh4+ 42. Kg3 Ng6 43. Bxd4 Kf8 44. Bxg7+ Ke8 45. Rxd2 1-0


[Site "https://www.chess.com"]

[Event "Titled Tuesday Blitz July 05 Late 2022"]
[White "Kujawski, Adam"]
[Black "Antonova, Nadezhda"]
[WhiteFideId "1100920"]
[BlackFideId "14700182"]
[WhiteElo "1972"]
[BlackElo "1835"]
[Result "1-0"]
[Round "07"]
[TimeControl "180+1"]
[Date "2022.07.06"]
[WhiteClock "0:00:14"]
[BlackClock "0:00:07"]

1. Nc3 d5 2. d4 Nf6 3. Bf4 g6 4. Nb5 Na6 5. Nf3 Bg7 6. e3 O-O 7. c4 c6 8. Nc3 Nb8 9. Rc1 Re8 10. cxd5 Nxd5 11. Nxd5 Qxd5 12. Bc4 Qd8 13. Qb3 Rf8 14. a4 h6 15. O-O Nd7 16. Rfd1 Nb6 17. Be2 Nd5 18. Bg3 Nf6 19. Bc4 Ne4 20. Be5 Bxe5 21. Nxe5 e6 22. f3 Nd6 23. Bd3 Kg7 24. Qc3 Qf6 25. Ng4 Qe7 26. d5+ f6 27. dxc6 bxc6 28. Bb1 h5 29. Nf2 Bb7 30. Qd3 Nf5 31. Qd7 Rf7 32. Qxe7 Rxe7 33. Bxf5 exf5 34. Rc3 Rae8 35. e4 f4 36. Rd6 g5 37. Nd3 Ba8 38. Nc5 f5 39. Rcd3 g4 40. Rd7 fxe4 41. Nxe4 c5 42. Nxc5 gxf3 43. gxf3 Kf6 44. Rxe7 Rxe7 45. Kf2 Rg7 46. b4 h4 47. Rd6+ Kf5 48. Rd7 Rg8 49. Rf7+ Ke5 50. Nd3+ Ke6 51. Rxa7 Bc6 52. b5 Be8 53. Nxf4+ Ke5 54. Ne2 h3 55. Ng3 Kd4 56. Re7 Kc5 57. Re4 Bd7 58. Rh4 Kb6 59. Rh5 Ka5 60. Rh4 Kb6 61. Ke3 Re8+ 62. Kd3 Re1 63. Rh6+ Ka5 64. Ra6+ Kb4 65. Ra7 Be8 66. b6 Bc6 67. Rc7 Bd5 68. b7 Bxb7 69. Rxb7+ Kxa4 70. Rh7 Rd1+ 71. Ke3 Re1+ 72. Kf4 Kb3 73. Rxh3 Kc2 74. Rh7 Kd3 75. Rd7+ Kc4 76. h4 Kc5 77. Rg7 Rg1 78. Rg4 Rf1 79. h5 Kd6 80. Rg6+ Ke7 81. Kg4 Kf8 82. f4 Rg1 83. f5 Re1 84. h6 Re7 85. Kg5 Rh7 86. Kf6 Rh8 87. Kg5 Rh7 88. Nh5 Kf7 89. Rg7+ Rxg7+ 90. hxg7 Kg8 91. Kh6 Kf7 92. Kh7 Ke7 93. g8=Q Kd6 94. Qe6+ Kc7 95. f6 Kb7 96. f7 Ka7 97. f8=Q Kb7 98. Qg7+ Kb8 99. Qeg8# 1-0


[Site "https://www.chess.com"]

[Event "Titled Tuesday Blitz July 05 Late 2022"]
[White "Ladopoulos, Dimitrios"]
[Black "Krstulovic, Alex"]
[WhiteFideId "4239580"]
[BlackFideId "760056"]
[WhiteElo "2195"]
[BlackElo "2244"]
[Result "0-1"]
[Round "07"]
[TimeControl "180+1"]
[Date "2022.07.06"]
[WhiteClock "0:00:01"]
[BlackClock "0:00:16"]

1. Nf3 d5 2. c4 e6 3. d4 Nf6 4. Nc3 dxc4 5. e3 a6 6. Bxc4 b5 7. Bd3 Bb7 8. O-O c5 9. dxc5 Bxc5 10. Qe2 O-O 11. a3 Nbd7 12. b4 Be7 13. Bb2 Rc8 14. Rfd1 Qb6 15. Rac1 Bxf3 16. Qxf3 Ne5 17. Qg3 Nxd3 18. Rxd3 Rfd8 19. Rcd1 Rxd3 20. Rxd3 Rd8 21. e4 Rxd3 22. Qxd3 Qd8 23. Qxd8+ Bxd8 24. Kf1 Kf8 25. Ke2 Bb6 26. f3 Ke7 27. a4 bxa4 28. Nxa4 Bc7 29. g3 g6 30. Nc5 a5 31. b5 Bd6 32. Na4 Nd7 33. Bd4 Kd8 34. Kd3 Kc7 35. f4 Bb4 36. Kc4 Kd6 37. g4 f5 38. e5+ Kc7 39. gxf5 gxf5 40. Be3 Kb7 41. h3 Kc7 42. Bc1 Kb7 43. Be3 Kc7 44. Kd3 Kb7 45. Bd4 Kc7 46. Ke2 Kb7 47. Kf3 Bd2 48. Be3 Be1 49. Ke2 Bb4 50. Kf3 Be1 51. Bf2 Bd2 52. Bh4 Kc7 53. Be7 Bb4 54. Bxb4 axb4 55. Ke3 Nb6 56. Nc5 Nd5+ 57. Kf3 Kb6 58. Nxe6 b3 59. Nc7 Nxc7 0-1


[Site "https://www.chess.com"]

[Event "Titled Tuesday Blitz July 05 Late 2022"]
[White "Lashkin, Jegor"]
[Black "Salem, A.R. Saleh"]
[WhiteFideId "13907808"]
[BlackFideId "9301348"]
[WhiteElo "2368"]
[BlackElo "2679"]
[Result "0-1"]
[Round "07"]
[TimeControl "180+1"]
[Date "2022.07.05"]
[WhiteClock "0:00:59"]
[BlackClock "0:01:39"]

1. d4 Nf6 2. c4 g6 3. Nc3 Bg7 4. e4 O-O 5. Nf3 d6 6. Be3 e5 7. dxe5 dxe5 8. Qc2 Na6 9. Rd1 Qe8 10. Be2 c6 11. O-O Qe7 12. a3 Ng4 13. Bg5 f6 14. Bc1 Nc7 15. h3 Nh6 16. Be3 Nf7 17. Qc1 Ne6 18. b4 f5 19. c5 f4 20. Bd2 g5 21. Na4 h5 22. Nh2 g4 23. hxg4 Nd4 24. Qc4 b5 25. cxb6 axb6 26. Nc3 Ba6 27. b5 Bxb5 28. Nxb5 cxb5 0-1


[Site "https://www.chess.com"]

[Event "Titled Tuesday Blitz July 05 Late 2022"]
[White "Manelyuk, Daniil"]
[Black "Vlassov, Nikolai"]
[WhiteFideId "44173920"]
[BlackFideId "4103360"]
[WhiteElo "2209"]
[BlackElo "2324"]
[Result "0-1"]
[Round "07"]
[TimeControl "180+1"]
[Date "2022.07.06"]
[WhiteClock "0:00:01"]
[BlackClock "0:00:07"]

1. e4 Nc6 2. Nf3 d5 3. exd5 Qxd5 4. Nc3 Qa5 5. Be2 Bg4 6. h3 Bh5 7. O-O Nf6 8. d3 O-O-O 9. a3 e5 10. Nd2 Bg6 11. b4 Bxb4 12. Nb3 Bxc3 13. Nxa5 Bxa1 14. Nxc6 bxc6 15. c4 Bd4 16. Qa4 Rd6 17. Bd2 Kd7 18. Bb4 Re6 19. Kh2 Rb8 20. Rd1 Ne8 21. Bd2 Rb2 22. Bf3 f5 23. Be3 Bxe3 24. fxe3 Rd6 25. d4 e4 26. d5 exf3 27. c5 Rxg2+ 28. Kh1 Rf6 29. d6 cxd6 30. Qxa7+ Ke6 31. cxd6 Nxd6 32. Qc7 Ke5 33. Qxc6 Re6 34. Rd5+ Kf6 35. Rxd6 Rxd6 36. Qxd6+ Kf7 37. Qd5+ Kf6 38. Qxf3 Ra2 39. Qc6+ Kg5 40. a4 Ra3 41. Kg2 Rxe3 42. Qc5 Re2+ 43. Kg3 Ra2 44. h4+ Kh5 45. a5 Ra4 46. Qb5 Rg4+ 47. Kf3 Kxh4 48. Kf2 Rf4+ 49. Kg2 Bh5 50. a6 Bf3+ 51. Kh2 Be4 52. Qd7 Rf2+ 53. Kg1 Ra2 54. Qe7+ g5 55. Qxh7+ Kg3 56. Qc7+ f4 57. Qc3+ Bf3 0-1


[Site "https://www.chess.com"]

[Event "Titled Tuesday Blitz July 05 Late 2022"]
[White "Manukian, Artak"]
[Black "Barria Zuniga, Daniel"]
[WhiteFideId "13301373"]
[BlackFideId "3400816"]
[WhiteElo "2442"]
[BlackElo "2414"]
[Result "0-1"]
[Round "07"]
[TimeControl "180+1"]
[Date "2022.07.06"]
[WhiteClock "0:00:31"]
[BlackClock "0:00:06"]

1. e4 c5 2. Nf3 e6 3. c3 d5 4. e5 Nc6 5. d4 Bd7 6. a3 Qc7 7. b4 c4 8. a4 f6 9. Bf4 Nge7 10. Bg3 Nf5 11. exf6 Nxg3 12. f7+ Kxf7 13. hxg3 Bd6 14. Ng5+ Kg8 15. f4 Rf8 16. Nd2 h6 17. Ngf3 Be8 18. Qe2 Qe7 19. Ne5 Bxe5 20. dxe5 Bg6 21. Nf3 Be4 22. Qe3 b6 23. Be2 g6 24. O-O Rh7 25. Bxc4 Bxf3 26. Qxf3 Nxe5 27. Qe2 Nxc4 28. a5 b5 29. a6 Qf6 30. Rf3 Re7 31. Rd1 Rfe8 32. Qf2 h5 33. Qc5 Kg7 34. Qxb5 Rf7 35. Qc5 Qe7 36. Qd4+ Kh7 37. Re1 Qd6 38. Rd3 Qb6 39. Qxb6 Nxb6 40. Rde3 Rfe7 41. g4 hxg4 42. Rg3 Kg7 43. Rxg4 Kf6 44. f5 exf5 45. Rxe7 Rxe7 46. Rg3 Re4 47. Rd3 Rc4 48. g4 fxg4 49. Kf2 Kf5 50. Ke3 Ke5 51. Kd2 Kf4 52. Re3 g3 53. Re7 g2 54. Rf7+ Kg3 55. Re7 g1=Q 56. Re2 Rf4 57. Re3+ Rf3 58. Re6 Qf2+ 59. Kc1 Rxc3+ 60. Kb1 Qc2+ 61. Ka1 Ra3# 0-1


[Site "https://www.chess.com"]

[Event "Titled Tuesday Blitz July 05 Late 2022"]
[White "Martin Carmona, Gaston Manuel"]
[Black "Cardoso Cardoso, Jose Gabriel"]
[WhiteFideId "22284567"]
[BlackFideId "4430492"]
[WhiteElo "2162"]
[BlackElo "2485"]
[Result "0-1"]
[Round "07"]
[TimeControl "180+1"]
[Date "2022.07.05"]
[WhiteClock "0:00:05"]
[BlackClock "0:00:06"]

1. e4 g6 2. d4 Bg7 3. c3 c6 4. Nf3 d5 5. Nbd2 dxe4 6. Nxe4 Nf6 7. Nxf6+ exf6 8. Bc4 O-O 9. O-O Nd7 10. a4 a5 11. Bb3 Nb6 12. h3 Nd5 13. Re1 Be6 14. Bc2 Qd7 15. Bd2 Rfe8 16. Qc1 Bf5 17. Bb3 Be4 18. Bd1 Re7 19. Bh6 Bh8 20. Qd2 Rae8 21. Nh2 Qd6 22. Bf3 f5 23. Bg5 Re6 24. Bxe4 fxe4 25. Rad1 f5 26. c4 Nb4 27. d5 cxd5 28. cxd5 Re5 29. Bf4 Nd3 30. Bxe5 Bxe5 31. Nf1 Nxe1 32. Rxe1 Rd8 33. Rd1 Qc5 34. b3 Qc3 35. Qxc3 Bxc3 36. Ne3 Kf7 37. Nc4 Kf6 38. Kf1 f4 39. Ke2 Kf5 40. Rc1 Bb4 41. Rd1 g5 42. g4+ Kf6 43. Rd4 Re8 44. d6 f3+ 45. Kf1 Rd8 46. d7 Bc5 47. Rd5 b6 48. Nxb6 Bxb6 49. Rd6+ Ke5 50. Rxb6 Rxd7 51. Ke1 Kf4 52. Rb5 e3 53. Rf5+ Ke4 54. fxe3 Kxe3 55. Re5+ Kf4 56. Rxa5 Kg3 57. Rf5 Kg2 58. a5 Rd4 59. a6 Rf4 60. Rxf4 gxf4 61. a7 f2+ 62. Kd2 f1=Q 63. a8=Q+ f3 64. Qe4 Qf2+ 65. Kc3 Qe2 66. Qd5 Qe3+ 67. Kc4 Kg3 68. b4 f2 69. Qd1 Qf4+ 70. Kc5 f1=Q 71. Qxf1 Qxf1 72. b5 Qf6 73. b6 Qd8 74. b7 Qb8 75. Kc6 Kh4 0-1


[Site "https://www.chess.com"]

[Event "Titled Tuesday Blitz July 05 Late 2022"]
[White "Martinez Alcantara, Jose Eduardo"]
[Black "Vasquez Schroeder, Rodrigo"]
[WhiteFideId "3805662"]
[BlackFideId "3400042"]
[WhiteElo "2703"]
[BlackElo "2567"]
[Result "1-0"]
[Round "07"]
[TimeControl "180+1"]
[Date "2022.07.05"]
[WhiteClock "0:00:07"]
[BlackClock "0:00:06"]

1. e4 c6 2. d4 d5 3. e5 Bf5 4. h4 h5 5. Bd3 Bxd3 6. Qxd3 Qa5+ 7. b4 Qa6 8. e6 Qxd3 9. cxd3 Nh6 10. Bxh6 Rxh6 11. exf7+ Kxf7 12. Nf3 Nd7 13. Nbd2 e6 14. Rb1 Be7 15. O-O a6 16. Rfe1 Rhh8 17. g3 Bf6 18. Nb3 b6 19. Re3 Rhe8 20. Rbe1 Rac8 21. Kg2 c5 22. bxc5 bxc5 23. dxc5 Nxc5 24. Nbd4 Re7 25. Ng5+ Bxg5 26. hxg5 Ree8 27. Nf3 Nd7 28. d4 Rb8 29. R1e2 g6 30. Ra3 Rb6 31. Rc2 Ke7 32. Nh4 e5 33. dxe5 Nxe5 34. Ra5 Rd6 35. Rac5 Nc4 36. Rc7+ Kd8 37. Ra7 Ree6 38. Rc3 Kc8 39. Rg7 Rc6 40. Nf3 Red6 41. Nd4 Rc7 42. Rg8+ Kb7 43. Rb3+ Ka7 44. Rf8 Rb7 45. Rbf3 Ne5 46. R3f6 Rbd7 47. Re8 Nc4 48. Ree6 Rxe6 49. Rxe6 Rd6 50. Re7+ Kb6 51. f4 Kc5 52. Ne6+ Kb4 53. f5 gxf5 54. g6 Ne3+ 55. Kg1 Ng4 56. g7 Nf6 57. Rf7 Ng8 58. Rf8 Rxe6 59. Rxg8 Rg6 60. Rb8+ 1-0


[Site "https://www.chess.com"]

[Event "Titled Tuesday Blitz July 05 Late 2022"]
[White "Melikyan, Gnel"]
[Black "Bernal Moro, Luis Javier"]
[WhiteFideId "54109990"]
[BlackFideId "2200236"]
[WhiteElo "1772"]
[BlackElo "2376"]
[Result "1-0"]
[Round "07"]
[TimeControl "180+1"]
[Date "2022.07.06"]
[WhiteClock "0:01:11"]
[BlackClock "0:00:04"]

1. e4 c5 2. Nf3 e6 3. d4 cxd4 4. Nxd4 Nc6 5. Nc3 a6 6. Nxc6 bxc6 7. Bd3 d5 8. O-O Nf6 9. Qe2 Qc7 10. b3 Bd6 11. h3 Bf4 12. Bxf4 Qxf4 13. exd5 cxd5 14. Na4 Qc7 15. c4 dxc4 16. Bxc4 O-O 17. Rac1 Qa7 18. Rfd1 Bd7 19. Nc3 Rfd8 20. Ne4 Nxe4 21. Qxe4 Bb5 22. Rxd8+ Rxd8 23. a4 Bxc4 24. Qxc4 h6 25. Qc7 Qxc7 26. Rxc7 Rd1+ 27. Kh2 Rd2 28. f3 Rb2 29. Rb7 g5 30. Kg3 Kg7 31. a5 Kg6 32. b4 h5 33. h4 gxh4+ 34. Kh3 f6 35. Rb6 e5 36. Rxa6 Rxb4 37. Ra8 Ra4 38. a6 Kf5 39. a7 Ra1 40. Kxh4 Rh1+ 41. Kg3 Ra1 42. Kf2 h4 43. Ke3 Ra3+ 44. Kf2 Ra2+ 45. Kg1 Ra1+ 46. Kh2 Kf4 47. Rf8 Rxa7 48. Rxf6+ Kg5 49. Rf8 Ra2 50. Kh3 Re2 51. Rg8+ Kf5 52. Kxh4 e4 53. g4+ Kf6 54. f4 e3 55. Re8 Rf2 56. Kg3 Re2 57. Kf3 Re1 58. Rxe3 Rf1+ 59. Kg3 Rg1+ 60. Kh4 Rh1+ 61. Kg3 Rf1 62. g5+ Kg6 63. Re6+ Kg7 64. Kg4 Ra1 65. Re7+ Kf8 66. Rb7 Ra5 67. g6 Kg8 68. f5 Rc5 69. Kg5 Rc8 70. Kh6 Ra8 71. f6 Rc8 72. Rg7+ Kh8 73. Rh7+ Kg8 74. f7+ Kf8 75. Rh8+ Ke7 76. Rxc8 1-0


[Site "https://www.chess.com"]